Cogmind - Beta 16.1 @@@ ROGUE MODE // 2026.02.16 @ 16:46:32 Player: Fantastic Ms. Fox Result: Destroyed by D-53 Grenadier with Mini Grenade Launcher Performance ------------- Evolutions (1) 500 Regions Visited (4) 800 Robots Destroyed (45) 225 Value Destroyed (1342) 1342 Prototype IDs (6) 120 Alien Tech Used (0) 0 Bonus (0) 0 TOTAL SCORE: 2987 Bonus ------- None Cogmind --------- Core Integrity 0/400 Matter 300/300 Energy 400/400 System Corruption 0% Temperature Cool (0) Movement Walking (105) Location -9/Mines Parts ------- > --- POWER (2) -------- Ion Engine Ion Engine > --- PROPULSION (3) --- Aluminum Leg Aluminum Leg Aluminum Leg > --- UTILITY (2) ------ Structural Scanner Signal Interpreter > --- WEAPON (2) ------- Beam Rifle Heavy Assault Rifle > --- INVENTORY (5) ---- Ion Engine Grenade Launcher Peak State ------------ > --- POWER ------------ Ion Engine Light Nuclear Core > --- PROPULSION ------- Aluminum Leg Aluminum Leg Aluminum Leg > --- UTILITY ---------- Small Storage Unit Signal Interpreter > --- WEAPON ----------- Assault Rifle Plasma Flamer > --- INVENTORY -------- Light Assault Rifle Grenade Launcher [Rating: 15] Favorites ----------- Power Ion Engine Engine Ion Engine Power Core Light Nuclear Core Propulsion Aluminum Leg Leg Aluminum Leg Utility Small Storage Unit Device Improved Heat Sink Storage Small Storage Unit Processor Signal Interpreter Weapon Assault Rifle Energy Gun Beam Rifle Ballistic Gun Assault Rifle Launcher Grenade Launcher Special Weapon Plasma Flamer Build | -11 -10 -10 -9 -9 ------- Run | Yrd Mat Min Mat Min Slots Evolved 2 | . . . 2 . Power 1 | . . . 1 . Propulsion 1 | . . . 1 . Utility . | . . . . . Weapon . | . . . . . Parts Attached 45 | 6 4 5 26 4 Power 12 | 1 1 1 8 1 Engine 11 | 1 1 1 7 1 Core 1 | . . . 1 . Reactor . | . . . . . Propulsion 17 | 2 . 3 10 2 Treads . | . . . . . Leg 17 | 2 . 3 10 2 Wheel . | . . . . . Hover . | . . . . . Flight . | . . . . . Utility 4 | 1 1 1 1 . Device 2 | . 1 . 1 . Storage 1 | 1 . . . . Processor 1 | . . 1 . . Hackware . | . . . . . Protection . | . . . . . Artifact . | . . . . . Weapon 12 | 2 2 . 7 1 Energy Gun 2 | . . . 2 . Energy Cannon . | . . . . . Ballistic Gun 7 | 2 1 . 3 1 Ballistic Cannon . | . . . . . Launcher 1 | . 1 . . . Special Weapon 2 | . . . 2 . Impact Weapon . | . . . . . Slashing Weapon . | . . . . . Piercing Weapon . | . . . . . Special Melee Weapon . | . . . . . Unidentified Prototypes . | . . . . . Parts Lost 28 | . . 5 19 4 Power 8 | . . 1 6 1 Propulsion 10 | . . 3 5 2 Utility 1 | . . . 1 . Weapon 9 | . . 1 7 1 Highest Loss Streak 5 | . . 4 5 4 To Critical Strikes 1 | . . . 1 . Average Backups 6 | 2 7 7 6 4 Power 1 | . 1 1 1 . Propulsion 2 | 1 2 2 2 1 Utility . | . . . . . Weapon 2 | . 2 2 2 1 Tool/Special . | . . . . . Unused Backups 8 | . 4 2 2 . Power 2 | . . 2 . . Propulsion 3 | . 2 . 1 . Utility . | . . . . . Weapon 3 | . 2 . 1 . Tool/Special . | . . . . . Average Slot Usage (%) 98 | . 97 100 98 97 Engine 16 | . 14 14 17 21 Core 2 | . . . 4 . Leg 30 | . 28 28 32 32 Device 4 | . 11 5 . 11 Storage 11 | . 14 14 10 . Processor 8 | . . 8 11 11 Energy Gun 4 | . . . 7 18 Ballistic Gun 18 | . 27 28 12 2 Peak Build Rating 15 | 6 9 9 15 11 Average Rating 9 | 5 8 8 11 10 On Entrance 6 | . 6 9 8 11 Avg Prop Armor Cover (%) . | . . . . . Naked Turns . | . . . . . Heaviest Build 19 | 14 15 15 19 17 Greatest Support 30 | 20 20 20 30 30 Greatest Overweight (x) 4 | 4 . . . . Average Overweight (x) . | . . . . . Largest Inventory Capacity 8 | 8 8 8 8 5 Average Capacity 7 | 7 8 8 7 5 Most Carried 8 | 4 8 8 8 5 Average Carried 6 | 2 7 7 6 4 Final Capacity 8 | 8 8 8 5 5 Final Carried 8 | 4 8 8 5 2 Class Distribution -------------------- 57% | Scavenger-Mutant 42% | Mutant Dominant Class ---------------- Mutant | -10/Materials Mutant | -10/Mines Scavenger-Mutant | -9/Materials Scavenger-Mutant | -9/Mines Resources | -11 -10 -10 -9 -9 ----------- Run | Yrd Mat Min Mat Min Matter Collected 977 | 223 133 248 328 45 Remotely . | . . . . . Salvage Created 1531 | . 133 304 998 96 Parts 95 | . 8 24 62 1 Haulers Intercepted . | . . . . . Recyclers Shooed 3 | . 1 2 . . Parts Field Recycled . | . . . . . Retrieved Matter . | . . . . . Parts Self-Destructed . | . . . . . Prevented . | . . . . . Parts Restored . | . . . . . Kills | -11 -10 -10 -9 -9 ------- Run | Yrd Mat Min Mat Min Combat Hostiles Destroyed 43 | . 4 12 25 2 Guns 38 | . 2 12 22 2 Cannons 1 | . . . 1 . AOE 2 | . 2 . . . Classes Destroyed 7 | . 1 1 5 . Recycler 1 | . . . 1 . Watcher 1 | . . . 1 . Swarmer 12 | . . 7 5 . Grunt 23 | . 4 5 12 2 Brawler 1 | . . . 1 . Duelist 1 | . . . 1 . Sentry 6 | . . . 6 . Best Kill Streak 6 | . 2 6 6 2 Combat Bots Only 6 | . 2 6 5 2 Max Kills in Single Turn 2 | . 2 2 2 1 Gunslinging 1 | . . 1 1 . Exploded 2 | . 2 . . . Melee . | . . . . . Uniques/NPCs Destroyed . | . . . . . Combat | -11 -10 -10 -9 -9 -------- Run | Yrd Mat Min Mat Min Hostile Shots Fired 339 | . 18 67 233 21 Missed 73 | . 3 12 55 3 Hits 266 | . 15 55 178 18 Melee 2 | . . . 2 . Projectile 264 | . 15 55 176 18 AOE 2 | . . . . 2 Critical Strikes 5 | . . . 5 . Damage Taken 3132 | . 232 611 2033 256 Core 583 | . 52 116 371 44 Absorbed by Shields . | . . . . . Core Remaining (%) 66 | 100 . 32 . . Volleys Fired 147 | . 11 32 96 8 Largest 2 | . 2 2 2 2 Hottest 120 | . 40 40 120 112 Shots Fired 273 | . 19 61 178 15 Gun 253 | . 16 61 161 15 Cannon . | . . . . . Launcher 3 | . 3 . . . Special 17 | . . . 17 . Kinetic 199 | . 16 61 117 5 Thermal 71 | . . . 61 10 Explosive 3 | . 3 . . . Electromagnetic . | . . . . . Robot Hit Streak 16 | . 9 10 16 15 Robot Miss Streak 5 | . 1 3 5 2 Penetration Max . | . . . . . Secondary Targets 11 | . . 2 8 1 Max Gunslinging Chain 1 | . . 1 1 1 Shots Hit Robots 189 | . 15 41 122 11 Core Hits 82 | . 9 23 45 5 Critical Kills . | . . . . . Critical Parts Destroyed 1 | . . . 1 . Critical Strikes 10 | . . . 10 . Burn 9 | . . . 9 . Destroy 1 | . . . 1 . Melee Attacks . | . . . . . Impact . | . . . . . Slashing . | . . . . . Piercing . | . . . . . Sneak Attacks . | . . . . . Combat Hostiles . | . . . . . Follow-up Attacks . | . . . . . Damage Inflicted 2316 | . 289 540 1299 188 Guns 2038 | . 164 531 1157 186 Cannons . | . . . . . Explosions 122 | . 122 . . . Melee . | . . . . . Ramming 31 | . 3 9 17 2 Kinetic 1387 | . 164 531 653 39 Thermal 776 | . . . 629 147 Explosive 122 | . 122 . . . Electromagnetic . | . . . . . Impact . | . . . . . Slashing . | . . . . . Piercing . | . . . . . Highest Corruption . | . . . . . Average Corruption . | . . . . . Corruption Purged . | . . . . . Corruption Blocked . | . . . . . Overload Shots . | . . . . . Overflow Damage . | . . . . . Projectiles . | . . . . . Explosions . | . . . . . Melee . | . . . . . Knockbacks . | . . . . . Impact . | . . . . . Kinetic . | . . . . . Secondary . | . . . . . Self-Inflicted Damage 14 | . 14 . . . Shots 1 | . 1 . . . Rammed . | . . . . . Targets Rammed 6 | . 1 2 2 1 Kicked 6 | . 1 2 2 1 Crushed . | . . . . . Highest Temperature 402 | . 14 9 402 236 Average Temperature 119 | . 8 4 122 139 Received Heat Transfer 1182 | . 102 252 714 114 Effects 2 | . . . 2 . Shutdowns 1 | . . . 1 . Interference 1 | . . . 1 . Siege Activations . | . . . . . Martial Activations . | . . . . . Shielding Activations . | . . . . . Robots Disrupted . | . . . . . Combat Hostiles . | . . . . . Robots Corrupted . | . . . . . Combat Hostiles . | . . . . . Parts Fried . | . . . . . Impact Corruptions . | . . . . . Robots Melted 2 | . . . 2 . Combat Hostiles 2 | . . . 2 . Parts Melted 7 | . . . 7 . Heat Transferred 3303 | . . . 2933 370 Parts Sabotaged . | . . . . . Parts Stolen . | . . . . . Parts Stripped . | . . . . . Power Chain Reactions . | . . . . . Alert | -11 -10 -10 -9 -9 ------- Run | Yrd Mat Min Mat Min Maximum Alert Level . | . . . . . Low Security (%) 100 | 100 100 100 100 100 Level 1 . | . . . . . Level 2 . | . . . . . Level 3 . | . . . . . Level 4 . | . . . . . Level 5 . | . . . . . High Security . | . . . . . Max Security . | . . . . . Peak Influence 178 | . 45 145 178 48 Initial 53 | . . . 53 48 Average 72 | . 15 43 114 30 Influence Increases 1215 | . 161 295 709 50 Destroy 0b10 Robot/C 860 | . 80 240 500 40 Destroy 0b10 Robot/NC 10 | . . . 10 . Destroy Leader 212 | . 20 40 142 10 Successful Hack 22 | . 10 . 12 . Destroy Structure 6 | . 6 . . . Partial Spotted 15 | . . . 15 . Lose Combat Pursuer 90 | . 45 15 30 . Influence Decreases 1185 | . 161 158 720 146 Entered New Map 162 | . . . 84 78 Time Decay 775 | . 161 118 446 50 Lost Part 248 | . . 40 190 18 Squads Dispatched 5 | . 1 . 4 . Investigation 1 | . . . 1 . Extermination . | . . . . . Reinforcement 4 | . 1 . 3 . Assault . | . . . . . Garrison . | . . . . . Intercept . | . . . . . Searches Triggered . | . . . . . Construction Impeded . | . . . . . Haulers Reinforced . | . . . . . Active Scanning Responses . | . . . . . Cargo Convoy Interrupts . | . . . . . Stealth | -11 -10 -10 -9 -9 --------- Run | Yrd Mat Min Mat Min Distress Signals 2 | . 1 . 1 . Communications Jammed . | . . . . . Distress Signals . | . . . . . Times Spotted 67 | . 11 16 36 4 Peak Tracking Total 8 | . 3 6 8 2 Tactical Retreats 5 | . 2 1 2 . Traps | -11 -10 -10 -9 -9 ------- Run | Yrd Mat Min Mat Min Traps Triggered 1 | . 1 . . . Indirectly . | . . . . . Trap Hack Attempts . | . . . . . Triggered . | . . . . . Disarmed . | . . . . . Reprogrammed . | . . . . . Reused . | . . . . . Traps Extracted . | . . . . . Installed . | . . . . . Triggered . | . . . . . Machines | -11 -10 -10 -9 -9 ---------- Run | Yrd Mat Min Mat Min Machines Disabled . | . . . . . Max in Single Turn . | . . . . . Machines Repaired . | . . . . . Machines Dismantled . | . . . . . Machines Sabotaged . | . . . . . Overloaded Fab Kills . | . . . . . Hacking | -11 -10 -10 -9 -9 --------- Run | Yrd Mat Min Mat Min Machines Accessed 10 | . 2 . 8 . Terminals 9 | . 2 . 7 . Fabricators . | . . . . . Repair Stations . | . . . . . Recycling Units . | . . . . . Scanalyzers 1 | . . . 1 . Garrison Access . | . . . . . Total Hacks 37 | . 7 . 30 . Successful 18 | . 4 . 14 . Failed 18 | . 3 . 15 . Catastrophic 2 | . . . 2 . Database Lockouts 1 | . . . 1 . Manual 5 | . . . 5 . Terminals 27 | . 7 . 20 . Fabricators . | . . . . . Repair Stations . | . . . . . Recycling Units . | . . . . . Scanalyzers 10 | . . . 10 . Garrison Access . | . . . . . Terminal Hacks 13 | . 4 . 9 . Record 1 | . . . 1 . Robot Analysis 2 | . 1 . 1 . Prototype ID Bank 4 | . 2 . 2 . Branch Access Points 1 | . . . 1 . Emergency Access Points 1 | . . . 1 . Locate Traps 3 | . 1 . 2 . Zone Layout 1 | . . . 1 . Fabricator Hacks . | . . . . . Repair Station Hacks . | . . . . . Recycling Unit Hacks . | . . . . . Scanalyzer 5 | . . . 5 . Insert Component 2 | . . . 2 . Analyze 2 | . . . 2 . Retrieve Study 1 | . . . 1 . Garrison Access Hacks . | . . . . . Unauthorized Hacks . | . . . . . Terminals . | . . . . . Fabricators . | . . . . . Repair Stations . | . . . . . Recycling Units . | . . . . . Scanalyzers . | . . . . . Garrison Access . | . . . . . Data Cores Recovered . | . . . . . Used . | . . . . . Hacking Detections 9 | . 2 . 7 . Full Trace Events 1 | . . . 1 . Feedback Events . | . . . . . Feedback Blocked . | . . . . . Robot Schematics Acquired . | . . . . . Robots Built . | . . . . . Authchips . | . . . . . Time . | . . . . . Total Robot Build Rating . | . . . . . Part Schematics Acquired 2 | . . . 2 . Parts Built . | . . . . . Authchips . | . . . . . Time . | . . . . . Total Part Build Rating . | . . . . . Part Studies Acquired 1 | . . . 1 . Parts Repaired . | . . . . . Time . | . . . . . Parts Recycled . | . . . . . Recycled Matter . | . . . . . Retrieved Matter . | . . . . . Retrieved Components . | . . . . . Parts Scanalyzed 2 | . . . 2 . Part Schematics Acquired 2 | . . . 2 . Parts Damaged . | . . . . . Bothacking | -11 -10 -10 -9 -9 ------------ Run | Yrd Mat Min Mat Min Used RIF Installer . | . . . . . Robots Hacked . | . . . . . Non-combat . | . . . . . Combat . | . . . . . Robot Hacks Applied . | . . . . . Relay Couplers Released . | . . . . . Fabnet Peak Effective % . | . . . . . Robots Rewired . | . . . . . Allies Hacked . | . . . . . Hacks Repelled . | . . . . . Allies | -11 -10 -10 -9 -9 -------- Run | Yrd Mat Min Mat Min Total Allies . | . . . . . Largest Group . | . . . . . Highest-Rated Group . | . . . . . Highest-Rated Ally . | . . . . . Total Orders . | . . . . . Ally Attacks . | . . . . . Total Damage . | . . . . . Kills . | . . . . . Allies Corrupted . | . . . . . Allies Melted . | . . . . . Intel | -11 -10 -10 -9 -9 ------- Run | Yrd Mat Min Mat Min Active Infowar (turns) 211 | . . . 91 120 Structural 211 | . . . 91 120 Robot Analysis Total 2 | . 1 . 1 . Derelict Logs Recovered 1 | . . 1 . . Drone Launches . | . . . . . Drone Recoveries . | . . . . . Exploration | -11 -10 -10 -9 -9 ------------- Run | Yrd Mat Min Mat Min Turns Passed 2197 | 57 385 516 1119 120 Spaces Moved 1349 | 34 242 322 671 80 Core 5 | 5 . . . . Treads . | . . . . . Legs 1344 | 29 242 322 671 80 Wheels . | . . . . . Hover . | . . . . . Flight . | . . . . . Fastest Speed 50 | 50 120 120 105 105 Average Speed 115 | 125 120 120 112 105 Slowest Speed 250 | 250 120 120 120 105 Overloaded Moves . | . . . . . Propulsion Burnouts . | . . . . . Robots Hopped . | . . . . . Potential Cave-ins . | . . . . . Cave-ins Triggered . | . . . . . Exploration Rate (%) 45 | 5 46 75 66 33 Regions Visited 4 Branch Regions 2 Pre-discovered Areas . | . . . . . Known Exits Taken 2 | . . 1 1 . Unknown Exits Taken 2 | 1 1 . . . Scrap Searched 1 | . . 1 . . Spaces Dug . | . . . . . Terrain Destroyed 4 | . 4 . . . Melee . | . . . . . Projectile . | . . . . . AOE 4 | . 4 . . . Terrain Rammed . | . . . . . Walls Destroyed . | . . . . . Machines Disabled . | . . . . . Actions | -11 -10 -10 -9 -9 --------- Run | Yrd Mat Min Mat Min Total 1726 | 45 320 392 868 101 Wait 121 | 2 48 18 46 7 Move 1345 | 33 241 321 670 80 Hop . | . . . . . Pick Up 42 | 4 8 8 21 1 Fast Attach 8 | 6 1 . 1 . Attach 33 | . 2 6 21 4 Detach 2 | . 2 . . . Swap 7 | . 1 1 5 . Drop 15 | . 5 4 6 . Fire 147 | . 11 32 96 8 Melee . | . . . . . Ram . | . . . . . Kick 6 | . 1 2 2 1 Crush . | . . . . . Escape Stasis . | . . . . . Rewire . | . . . . . Trap . | . . . . . Miscellaneous . | . . . . . Route ------- -11/Scrapyard -10/Materials (discovered 3 exits: *Mat x2 / [*Min]) -10/Mines (discovered 2 exits: *Mat x2) -9/Materials -9/Mines History --------- Turn | Location | Event 12 | -11/Scrapyard | Discovered new exit (range 15) 58 | -11/Scrapyard | Entered Materials 130 | -10/Materials | Discovered new exit (range 7) 240 | -10/Materials | Discovered new exit (range 9) 300 | -10/Materials | Build established: Mutant 363 | -10/Materials | Discovered new exit (range 14) 443 | -10/Materials | Entered Mines 451 | -10/Mines | Discovered new exit (range 5) 631 | -10/Mines | A weapon hastily lodged in a ceiling crevice suddenly fell to the ground 752 | -10/Mines | Learned Materials trap positions 807 | -10/Mines | Core integrity fell below 50% 841 | -10/Mines | Lost 4 parts (1p2n1w) 955 | -10/Mines | Discovered new exit (range 4) 958 | -10/Mines | Identified exit to Materials 959 | -10/Mines | Entered Materials 959 | -9/Materials | Evolved 2 slots: Power x1, Propulsion x1 960 | -9/Materials | Loaded intel: 16 trap records 1078 | -9/Materials | Lost 5 parts (1p1n3w) 1229 | -9/Materials | Lost 3 parts (1p1n1w) 1240 | -9/Materials | Build established: Scavenger-Mutant 1425 | -9/Materials | Core integrity fell below 50% 1468 | -9/Materials | Lost 3 parts (1p1n1w) 1612 | -9/Materials | Central database locked down 1701 | -9/Materials | Core integrity fell below 20% 1953 | -9/Materials | Identified exit to Mines 2078 | -9/Materials | Entered Mines 2140 | -9/Mines | Met a Derelict bent on vengeance 2190 | -9/Mines | Assembled infested the area 2198 | -9/Mines | Destroyed by D-53 Grenadier with Mini Grenade Launcher Last Messages --------------- K-01 Serf collects debris. Ion Engine destroyed. Beam Rifle destroyed. K-01 Serf collects debris. Aluminum Leg+ destroyed. G-47 Trooper heat damages Aluminum Leg, Particle Gun, Imp. Heat Sink. Aluminum Leg+ destroyed. K-01 Serf collects debris. G-47 Trooper destroyed. Switching to secondary target: G-34 Mercenary. G-34 Mercenary destroyed. Acquired Ion Engine. Acquired 45 matter. ALERT: Infestation in the mines, dispatching Demolisher response squad. Kicked U-05 Engineer out of the way. C-45 Heavy ARC bursts open, deploying its payload. D-53 Grenadier unfolds itself. Map ----- +----------------------------------------------------+ | | | | | | | | | | | | | | | | | | | ?????????????????????????????????????????????????? | | ?????????????????????????????????????????????????? | | ?????????????????????????????????????????????????? | | ?###?????????????????????????????????????????????? | | ?###?????????????????????????????????????????????? | | ? ?????????????????????????????????????????????? | | ?? ??????????????????????????????????????????????? | | ?? "?????????????????????????????????????????????? | | ?" "?????????????????????????????????????????????? | | ? ????????????????????????????????????????????? | | ?" """???????????????????????????????????????????? | | "" """ ????????????????#####?????????????????????? | | "" """ ???????????????######## ??????????????????? | | ???########?#### #### ??????????????????? | | "" """ """? ############ d%d ??????????????????? | | "" """ """ ## ##### ##????????????????????? | | "" """ """ # #### @ ###???????????????????? | | ??? # ## ####?????????????????? | | # ##??######%% # #####?????????????????? | | # ######### ## u ##?????????????????? | | # ###### #### ##### ##?????????????????? | | # #### ##### ##### ##?????????????????? | | # ## ####### ###??????????????????????? | | # ####?### ###?????????????????????? | | # ######???# ##?????????????????????? | | ######????? ##?????????????????????? | | ####???????? ????????????????????? | | ####????????? ####????????????????????? | | ####?????????? ####????????????????????? | | ###??????????? ##??????????????????????? | | ##??????????? ###??????????????????????? | | ##??????????? #####??????????????????????? | | # ##??????????? ###????????????????????????? | | # ###???????????????????????????????????????? | | ## ######???????????????????????????????????????? | | #########????????????????????????????????????????? | | ######???????????????????????????????????????????? | | ?????????????????????????????????????????????????? | | ?????????????????????????????????????????????????? | | #####????????????????????????????????????????????? | | ######???????????????????????????????????????????? | +----------------------------------------------------+ Best States ------------- Heat Dissipation 39 Energy Generation 19 Energy Capacity 400 Matter Stores 300 Matter Capacity 300 Sight Range 16 Terrain Scan Density 10 Evasion (%) 55 Item Schematics ----------------- Ion Engine | -9/Materials | Scanalyzed Aluminum Leg | -9/Materials | Scanalyzed Robot Schematics ------------------ None Fabricated ------------ Nothing Repaired ---------- Nothing Studied --------- Aluminum Leg | -9/Materials | Hacked Alien Tech Used ----------------- None Achievements -------------- None Challenges ------------ None Game ------ Seed PlasmaGuidedWall Manual? 0 Play Time 00:29:01 Cumulative 16.0 hours Start 2026.02.16 @ 16:17:43 End 2026.02.16 @ 16:46:32 Sessions 1 Manual Loads 0 Difficulty Rogue Special Mode None Game No. 16 Rogue 16 Adventurer 0 Explorer 0 Win Type - Total 0 Types 0/0/0/0/0/0/0/0/0/0 Lore% 10 Gallery% 13 Achievement% 13 Wizard Run 0 Options --------- Layout 1 ASCII 0 Keyboard 1 Movement Arrows Keybinds 0 Fullscreen 2 Font 24/Smallcaps Map View 50x35 Zoom Use 0% Tactical HUD 0 Map Filters NONE Filters NONE Steam 1 RUN: 9ccffa8a-d1b6-4ca1-929b-23c54afb4757